 Dungeon Crawl Stone Soup version 0.30.0-5-g1a98f26d00 (webtiles) character file.

Game seed: 11525004800138960329

1 sircluck the Conjurer (level 1, 0/14 HPs)
             Began as a Demigod Conjurer on May 8, 2023.
             Slain by a goblin
             ... wielding a +0 dagger
             ... led by Robin
              (2 damage)
             ... on level 2 of the Dungeon.
             The game lasted 00:00:29 (64 turns).

sircluck the Conjurer (Demigod Conjurer)              Turns: 64, Time: 00:00:29

Health: 0/14       AC:  3    Str:  8    XL:     1   Next: 13%
Magic:  1/5        EV: 12    Int: 20    God:
Gold:   9          SH:  0    Dex: 12    Spells: 2/3 levels left

rFire   . . .        d - +0 short sword
rCold   . . .        (no shield)
rNeg    . . .        a - +0 robe
rPois   .            (no helmet)
rElec   .            (no cloak)
rCorr   .            c - +0 pair of gloves
SInv    .            (no boots)
Will    .....        (no amulet)
Stlth   ++           (no ring)
HPRegen 0.22/turn    (no ring)
MPRegen 0.09/turn

%: no passive effects
@: no status effects
A: high MP 1, forlorn, divine attributes
a: no special abilities


You were on level 2 of the Dungeon.
You visited 1 branch of the dungeon, and saw 2 of its levels.

You collected 9 gold pieces.

Inventory:

Hand Weapons
 d - a +0 short sword (weapon)
Missiles
 e - 4 poisoned darts
Armour
 a - a +0 robe (worn)
 c - a +0 pair of gloves (worn)
Potions
 b - a potion of magic


   Skills:
 + Level 1.7 Dodging
 + Level 1.8 Stealth
 + Level 1.7 Spellcasting
 + Level 3.6 Conjurations


You had 2 spell levels left.
You knew the following spells:

 Your Spells              Type           Power      Damage    Failure   Level
a - Magic Dart            Conj           64%        1d6       3%          1

Your spell library contained the following spells:

 Spells                   Type           Power      Damage    Failure   Level
 Searing Ray              Conj           32%        2d5       5%          2
 Dazzling Flash           Conj/Hex       18%        N/A       22%         3
 Fulminant Prism          Conj/Hex       4%         3d5       58%         4
 Iskenderun's Mystic Bla  Conj/Tloc      9%         2d4       58%         4


Dungeon Overview and Level Annotations

Branches:
Dungeon (2/15)

Annotations:
D:2 Robin


Innate Abilities, Weirdness & Mutations

You have an increased reservoir of magic. (+10% MP)
You shall have no god before yourself.
Your divine heritage dramatically boosts your attributes as you level up.


Message History

The jackal completely misses you.
The jackal bites you but does no damage.
The jackal bites you. The goblin hits you with a +0 club.
The jackal completely misses you. x2
The jackal bites you but does no damage.
The goblin attacks as you move away! The goblin completely misses you.
The jackal attacks as you move away! The jackal closely misses you.
The jackal attacks as you move away! The jackal barely misses you.
Found a dagger.
The goblin attacks as you move away! The goblin barely misses you.
There is an escape hatch in the floor here.
The goblin closely misses you. The jackal bites you.
You slide downwards.
The hatch slams shut behind you.
The goblin shouts! x5; The hobgoblin shouts! x3; Robin shouts!
The goblin shouts! x3
Found a stone staircase leading down.
You barely miss the hobgoblin. The goblin barely misses you.
The hobgoblin closely misses you. The goblin closely misses you.
Robin says, "Bow before me, strongest of all the hobgoblins!"
The hobgoblin hits you. x2; The goblin hits you with a +0 club.
The goblin hits you but does no damage.
You hit the hobgoblin.
The hobgoblin is severely wounded.
The goblin hits you with a +0 club.
* * * LOW HITPOINT WARNING * * *
The hobgoblin closely misses you.
The hobgoblin hits you but does no damage.
Robin roars a battlecry!
The goblins go into a battle-frenzy!
The hobgoblin barely misses you. The goblin misses you.
The goblin closely misses you. The goblin hits you but does no damage.
You hit the hobgoblin.
You kill the hobgoblin!
The goblin barely misses you. The goblin hits you but does no damage.
The hobgoblin hits you.
* * * LOW HITPOINT WARNING * * *
The hobgoblin hits you.
* * * LOW HITPOINT WARNING * * *
The goblin closely misses you. The goblin hits you with a +0 dagger.
You die...

#. #. #. #. #
#.
####.#.######.#
.....gggg>.....
#g@g#
#ggggg...#
##g####### #g#
#.# .#. # #


You could see Robin, 3 hobgoblins and 9 goblins.

Vanquished Creatures
  A hobgoblin (D:2)
  A kobold (D:1)
2 creatures vanquished.

Notes
Turn   | Place    | Note
-------+----------+-------------------------------------------
     0 | D:1      | sircluck the Demigod Conjurer began the quest for the Orb.
     0 | D:1      | Reached XP level 1. HP: 14/14 MP: 5/5
    61 | D:2      | Noticed Robin
    64 | D:2      | Slain by a goblin

Illustrated notes

Levels and vault maps discovered:
D:1:      dpeg_arrival_long_road, layout_loops_ring
D:2:      layout_loops_ring, uniq_sigmund, uniq_robin

Action                     || total
---------------------------++-------
  Melee: Short sword       ||     6
   Cast: Magic Dart        ||     6
 Armour: Robe              ||    16
  Dodge: Dodged            ||    34
